 Dungeon Crawl Stone Soup version 0.20-b1-24-gb21faa7 (webtiles) character file.

13064 Jawreze the Fencer (level 11, -6/132 (135) HPs)
             Began as a Minotaur Berserker on May 25, 2017.
             Was a High Priest of Trog.
             Mangled by a swamp worm (9 damage)
             ... on level 2 of the Lair of Beasts.
             The game lasted 00:31:54 (13172 turns).

Jawreze the Fencer (Minotaur Berserker)            Turns: 13172, Time: 00:31:55

HP:   -6/132 (135)  AC: 14    Str: 30    XL:     11   Next: 70%
MP:   10/10         EV: 12    Int:  8    God:    Trog [*****.]
Gold: 420           SH:  0    Dex: 15    Spells: 10/10 levels left

rFire    + + .     SeeInvis .   W - +7 hand axe of Bread {pain, rPois rF+ Int+4 Dex+2}
rCold    . . .     Gourm    .   (no shield)
rNeg     . . .     Faith    .   Z - +1 chain mail {rF+}
rPois    +         Spirit   .   (helmet restricted)
rElec    .         Reflect  .   o - +0 cloak {rPois}
rCorr    .         Harm     .   (no gloves)
MR       .....                  (no boots)
Stlth    ..........             (no amulet)
Regen    0.4/turn               P - +2 ring of protection
MPRegen  0.2/turn               f - +3 ring of strength

@: berserking, quick
A: retaliatory headbutt, horns 2
a: Berserk, Trog's Hand, Brothers in Arms, Burn Spellbooks, Renounce Religion


You were on level 2 of the Lair of Beasts.
You worshipped Trog.
Trog was extremely pleased with you.
You were near starving.

You visited 2 branches of the dungeon, and saw 12 of its levels.

You collected 671 gold pieces.
You spent 251 gold pieces at shops.

Inventory:

Hand Weapons
 p - a +0 hunting sling
 W - the +7 hand axe of Bread (weapon) {pain, rPois rF+ Int+4 Dex+2}
   (You took it off a wight on level 9 of the Dungeon)

   In the hands of one skilled in necromantic magic, it inflicts extra damage on
   living creatures.
   It affects your intelligence (+4).
   It affects your dexterity (+2).
   It protects you from fire.
   It protects you from poison.
Missiles
 B - 164 stones (quivered)
 E - 106 sling bullets
Armour
 b - a +0 animal skin
 l - a +2 robe of cold resistance
 o - a +0 cloak of poison resistance (worn)
 C - the +3 leather armour of Harhuwn {rF+}
   (You found it on level 5 of the Dungeon)

   It protects you from fire.
 Q - the +0 ring mail "Daobiteo" {Dex+4}
   (You bought it in a shop on level 8 of the Dungeon)

   It affects your dexterity (+4).
 Z - a +1 chain mail of fire resistance (worn)
Jewellery
 f - a +3 ring of strength (right hand)
 g - an uncursed ring of poison resistance
 q - an uncursed ring of stealth
 v - an uncursed ring of see invisible
 K - an uncursed ring of stealth
 M - an uncursed ring of ice
 P - a +2 ring of protection (left hand)
 R - an uncursed ring of resist corrosion {unknown}
 S - a +3 ring of evasion {unknown}
Wands
 O - a wand of enslavement (15/24)
 T - a wand of digging (7/24)
Scrolls
 d - 3 scrolls of fear
 h - 3 scrolls of amnesia
 k - 2 scrolls of magic mapping
 m - 5 scrolls of teleportation
 s - 5 scrolls of blinking {unknown}
 w - 2 scrolls of enchant weapon {unknown}
 x - a scroll of immolation {unknown}
 y - 5 scrolls of remove curse
 D - 9 scrolls of identify
 F - a scroll of noise {unknown}
 G - 2 scrolls of recharging {unknown}
 N - a scroll of summoning {unknown}
 U - a scroll of silence {unknown}
 Y - a scroll of enchant armour {unknown}
Potions
 e - 2 potions of ambrosia {unknown}
 i - 6 potions of heal wounds {unknown}
 j - 6 potions of curing
 r - 3 potions of mutation {unknown}
 t - 4 potions of lignification {unknown}
 z - a potion of flight {unknown}
 A - 2 potions of degeneration {unknown}
 I - a potion of haste {unknown}
 J - 3 potions of might {unknown}
 L - 3 potions of brilliance {unknown}
 V - a potion of berserk rage {unknown}
Books
 X - a book of Minor Magic

   Spells                             Type                      Level
   a - Magic Dart                     Conjuration                  1
   b - Blink                          Translocation                2
   c - Call Imp                       Summoning                    2
   d - Slow                           Hexes                        2
   e - Conjure Flame                  Conjuration/Fire             3
   f - Mephitic Cloud                 Conjuration/Poison/Air       3
   Trog disapproves of the use of such an item.
Comestibles
 c - 6 bread rations
 n - 9 meat rations
 u - 5 royal jellies
 H - 2 fruits


   Skills:
 + Level 6.3 Fighting
   Level 16.4 Long Blades
 * Level 10.5 Slings
 + Level 5.3 Armour
 + Level 5.2 Dodging
 - Level 1.3 Stealth


You had 10 spell levels left.
You didn't know any spells.

Dungeon Overview and Level Annotations

Branches:
Dungeon (10/15)            Temple (0/1) D:4            Lair (2/6) D:9
  Swamp: Lair:2-4    Shoals: Lair:2-4     Snake: Lair:2-4    Spider: Lair:2-4
    Orc: D:9-12

Altars:
Cheibriados
Dithmenos
Elyvilon
Hepliaklqana
Kikubaaqudgha
Nemelex Xobeh
Qazlal
Ru
Uskayaw
Vehumet
Yredelemnul
The Shining One

Shops:
D:8 [*


Innate Abilities, Weirdness & Mutations

You reflexively headbutt those who attack you in melee.
You have a pair of horns on your head.


Message History

A red film seems to cover your vision as you go berserk!
You feel yourself moving faster!
You feel mighty!
You are near starving!
The swamp worm bites you.
* * * LOW HITPOINT WARNING * * *
The swamp worm bites you but does no damage.
You slash the swamp worm!
The swamp worm is moderately wounded.
You closely miss the swamp worm.
The swamp worm bites you but does no damage.
The swamp worm bites you!!
* * * LOW HITPOINT WARNING * * *
Your unstable footing causes you to fumble your attack.
The swamp worm bites you!
* * * LOW HITPOINT WARNING * * *
The swamp worm bites you but does no damage.
You barely miss the swamp worm.
The swamp worm is moderately wounded.
You slash the swamp worm! The swamp worm bites you!
You die...

## #..######................ .###
##...P.P###...............
.#.#####.........................
...........................##..P.
.............|.......P..+..#.....
...............≈≈≈≈≈≈≈...#.#.....
.............≈≈≈≈≈≈≈≈≈≈≈...##.#..
............≈≈≈#######≈≈≈#.......
............≈≈P#@w≈≈≈##≈≈........
####..#.#P#.≈≈≈≈w≈≈(≈!#≈≈...#....
########.≈≈P#≈≈≈≈(##≈≈.#######
#..≈≈≈#######≈≈≈.#
#.#.≈≈≈≈≈≈≈≈≈≈≈..#
###.#≈≈≈≈≈≈≈≈...P#
########....#### #.##..P#
##.#####


You could see 2 swamp worms.

Vanquished Creatures
  Harold (Lair:1)
  5 two-headed ogres
  Nergalle (D:10)
  A deep elf mage (D:6)
  Psyche (D:9)
  A hornet (D:8)
  4 hippogriffs
  A human (D:7)
  4 yaks (D:9)
  2 wraiths (D:10)
  A wyvern (Lair:2)
  A hungry ghost (D:5)
  4 hogs (D:7)
  A swamp worm (Lair:2)
  An acid dragon (D:8)
  Edmund (D:4)
  4 porcupines
  A water moccasin (D:10)
  5 black bears
  2 ice beasts
  A phantom (D:4)
  3 sky beasts
  3 necrophages
  2 ogres
  4 crocodiles
  2 centaurs
  2 big kobolds
  Blork the orc (D:4)
  7 bullfrogs
  A wyvern zombie (D:9)
  A gnoll sergeant (D:8)
  A scorpion (Lair:1)
  6 killer bees
  3 wights (D:9)
  A howler monkey (D:4)
  A crimson imp (D:6)
  A centaur zombie (D:5)
  A bullfrog zombie (D:7)
  A gnoll shaman (D:4)
  A jelly (D:9)
  Crazy Yiuf (D:4)
  5 orc priests
  2 hounds (D:4)
  A centaur skeleton (D:8)
  Jessica (D:2)
  11 worker ants
  Natasha (thrice) (D:3)
  3 iguanas
  4 orc wizards
  A mummy (D:8)
  A worker ant zombie (D:10)
  8 gnolls
  8 adders
  2 shadow imps
  An adder skeleton (D:5)
  8 worms
  3 dart slugs
  2 leopard geckos
  19 orcs
  5 bats
  4 giant cockroaches
  8 goblins
  6 hobgoblins
  11 jackals
  4 quokkas
  2 ball pythons
  4 frilled lizards
  2 hobgoblin zombies (D:8)
  14 kobolds
  2 orc zombies (D:8)
  A quokka zombie (D:6)
  9 rats
241 creatures vanquished.

Vanquished Creatures (others)
  35 fungi (D:9)
  18 plants
53 creatures vanquished.

Grand Total: 294 creatures vanquished

Notes
Turn   | Place    | Note
-------+----------+-------------------------------------------
     0 | D:1      | Jawreze the Minotaur Berserker began the quest for the Orb.
     0 | D:1      | Reached XP level 1. HP: 19/19 MP: 0/0
    29 | D:1      | Reached skill level 4 in Long Blades
    47 | D:1      | Reached XP level 2. HP: 24/26 MP: 1/1
   690 | D:1      | Reached skill level 5 in Long Blades
   976 | D:2      | Reached ** piety under Trog
  1055 | D:2      | Noticed Jessica
  1057 | D:2      | Reached XP level 3. HP: 31/31 MP: 2/2
  1066 | D:2      | Killed Jessica
  1254 | D:2      | Reached XP level 4. HP: 39/39 MP: 3/3
  1614 | D:3      | Noticed Natasha
  1620 | D:3      | Killed Natasha
  1620 | D:3      | Reached skill level 6 in Long Blades
  1620 | D:3      | Reached skill level 1 in Stealth
  1768 | D:3      | Noticed Natasha
  1773 | D:3      | Killed Natasha
  1773 | D:3      | Reached XP level 5. HP: 37/45 MP: 4/4
  2387 | D:3      | Noticed Natasha
  2393 | D:3      | Killed Natasha
  2393 | D:3      | Reached skill level 7 in Long Blades
  2712 | D:4      | Reached *** piety under Trog
  2994 | D:4      | Found a hazy altar of Hepliaklqana.
  3031 | D:4      | Reached XP level 6. HP: 36/51 MP: 5/5
  3145 | D:4      | Reached skill level 8 in Long Blades
  3287 | D:4      | Noticed Blork the orc
  3300 | D:4      | Killed Blork the orc
  3324 | D:4      | Found a runed door.
  3358 | D:4      | Noticed Crazy Yiuf
  3363 | D:4      | Killed Crazy Yiuf
  3478 | D:4      | Found a staircase to the Ecumenical Temple.
  3503 | D:4      | Reached skill level 9 in Long Blades
  3509 | D:4      | Reached XP level 7. HP: 18/57 MP: 6/6
  3976 | D:4      | Found an ancient bone altar of Kikubaaqudgha.
  4327 | D:4      | Reached skill level 10 in Long Blades
  4370 | D:4      | Noticed Edmund
  4382 | D:4      | Killed Edmund
  4431 | D:5      | Entered Level 5 of the Dungeon
  4432 | D:5      | Found a hide-covered altar of Uskayaw.
  4696 | D:5      | Found a basalt altar of Yredelemnul.
  4711 | D:5      | Reached skill level 11 in Long Blades
  4725 | D:5      | Got a warped leather armour
  4738 | D:5      | Identified the +3 leather armour of Harhuwn {rF+} (You found it on level 5 of the Dungeon)
  4971 | D:5      | Found a glowing golden altar of the Shining One.
  4976 | D:5      | Found a radiant altar of Vehumet.
  4979 | D:5      | Found a shadowy altar of Dithmenos.
  4982 | D:5      | Found a sparkling altar of Nemelex Xobeh.
  5006 | D:5      | Noticed a hungry ghost
  5017 | D:5      | Killed a hungry ghost
  5017 | D:5      | Reached skill level 1 in Slings
  5017 | D:5      | Reached XP level 8. HP: 58/64 MP: 7/7
  5143 | D:6      | Reached **** piety under Trog
  5939 | D:6      | Noticed a deep elf mage
  5953 | D:6      | Killed a deep elf mage
  5953 | D:6      | Reached skill level 12 in Long Blades
  6379 | D:7      | Reached XP level 9. HP: 46/70 MP: 8/8
  6516 | D:7      | Reached skill level 13 in Long Blades
  6737 | D:7      | Found a glowing golden altar of the Shining One.
  7138 | D:7      | Reached skill level 5 in Slings
  7148 | D:7      | Received a gift from Trog
  7289 | D:8      | Found Ojanwucs's Antique Armour Shoppe.
  7295 | D:8      | Reached skill level 14 in Long Blades
  7317 | D:8      | Bought a faintly glowing ring mail for 207 gold pieces
  7327 | D:8      | Identified the cursed +0 ring mail "Daobiteo" {Dex+4} (You bought it in a shop on level 8 of the Dungeon)
  7889 | D:8      | Found a snail-covered altar of Cheibriados.
  7948 | D:8      | Noticed a two-headed ogre
  7952 | D:8      | Killed a two-headed ogre
  7952 | D:8      | Reached XP level 10. HP: 76/76 MP: 9/9
  8074 | D:8      | Found Becaxtua's Assorted Antiques.
  8261 | D:8      | Reached skill level 15 in Long Blades
  8277 | D:8      | Bought a scroll of identify for 44 gold pieces
  8405 | D:8      | Found a white marble altar of Elyvilon.
  8823 | D:8      | Received a gift from Trog
  9275 | D:9      | Reached ***** piety under Trog
  9821 | D:9      | Reached skill level 16 in Long Blades
 10279 | D:9      | Found a stormy altar of Qazlal.
 10344 | D:9      | Got a crystal hand axe {pain}
 10345 | D:9      | Identified the +7 hand axe of Bread {pain, rPois rF+ Int+4 Dex+2} (You took it off a wight on level 9 of the Dungeon)
 10389 | D:9      | Found a staircase to the Lair.
 10412 | D:9      | Found a sacrificial altar of Ru.
 10415 | D:9      | Received a gift from Trog
 10476 | D:9      | Noticed Psyche
 10503 | D:9      | Killed Psyche
 10656 | D:10     | Entered Level 10 of the Dungeon
 10677 | D:10     | Noticed a two-headed ogre
 10688 | D:10     | Killed a two-headed ogre
 10688 | D:10     | Reached XP level 11. HP: 72/82 MP: 10/10
 10858 | D:10     | Noticed Nergalle
 10876 | D:10     | Killed Nergalle
 11376 | D:10     | Noticed a two-headed ogre
 11387 | D:10     | Killed a two-headed ogre
 11387 | D:10     | Reached skill level 5 in Fighting
 11425 | D:10     | Noticed a two-headed ogre
 11431 | D:10     | Killed a two-headed ogre
 11996 | D:9      | Noticed a two-headed ogre
 12006 | D:9      | Killed a two-headed ogre
 12006 | D:9      | Reached skill level 10 in Slings
 12082 | Lair:1   | Entered Level 1 of the Lair of Beasts
 12111 | Lair:1   | Noticed Harold
 12155 | Lair:1   | Killed Harold
 12155 | Lair:1   | Reached skill level 5 in Armour
 12325 | Lair:1   | You fall through a shaft!
 12411 | Lair:2   | Reached skill level 5 in Dodging
 13171 | Lair:2   | HP: 3/132 [swamp worm (9)]
 13172 | Lair:2   | Mangled by a swamp worm

Skill      XL: |  1  2  3  4  5  6  7  8  9 10 11 |
---------------+----------------------------------+-----
Long Blades    | 4 5 6 7 9 11 12 14 16 | 16.4
Stealth        | 1 |  1.3
Slings         | 1 4 6 9 10 | 10.5
Fighting       | 4 6 |  6.3
Armour         | 3 5 |  5.3
Dodging        | 5 |  5.2

Action                   |  1- 3 |  4- 6 |  7- 9 | 10-12 || total
-------------------------+-------+-------+-------+-------++-------
Melee: Falchion          |    63 |    95 |   184 |   171 ||   513
       Headbutt          |     9 |    26 |    50 |    75 ||   160
       Hand axe          |       |       |       |   104 ||   104
 Fire: Hunting sling     |       |       |   101 |   183 ||   284
Invok: Burn Spellbooks   |       |     1 |       |       ||     1
       Berserk           |       |     3 |     4 |     8 ||    15
  Use: Scroll            |       |     5 |     3 |       ||     8
 Stab: Sleeping          |       |     1 |     5 |     1 ||     7
       Distracted        |       |       |       |     1 ||     1
       Paralysed         |       |       |       |     1 ||     1
  Eat: Chunk             |     1 |     7 |    17 |    22 ||    47
       Fruit             |       |     2 |     2 |     2 ||     6
Armor: Animal skin       |    13 |       |       |       ||    13
       Robe              |     1 |    16 |    12 |       ||    29
       Leather armour    |       |       |    24 |    77 ||   101
       Chain mail        |       |       |       |    28 ||    28
Dodge: Dodged            |    43 |    50 |    82 |   187 ||   362
       Rpst.: Falchion   |    12 |    14 |    21 |    18 ||    65
